 Dungeon Crawl Stone Soup version 0.28-a0-1555-g9ae15a6949 (webtiles) character file.

Game seed: 14491033651683700951

304 Anon1729 the Skirmisher (level 6, -23/56 HPs)
             Began as a Minotaur Monk on Jan 18, 2022.
             Was a Priest of Makhleb.
             Annihilated by an ogre (31 damage)
             ... on level 4 of the Dungeon.
             The game lasted 00:04:13 (3681 turns).

Anon1729 the Skirmisher (Minotaur Monk)             Turns: 3681, Time: 00:04:13

Health: -23/56     AC:  2    Str: 17    XL:     6   Next: 15%
Magic:  6/6        EV: 13    Int:  7    God:    Makhleb [***...]
Gold:   165        SH:  0    Dex: 13    Spells: 5/5 levels left

rFire   . . .      SeeInvis .   a - +0 falchion
rCold   . . .      Faith    .   (no shield)
rNeg    . . .      Spirit   .   b - +0 robe
rPois   .          Reflect  .   (helmet restricted)
rElec   .          Harm     .   (no cloak)
rCorr   .          Rampage  .   (no gloves)
Will    .....                   (no boots)
Stlth   ++........              (no amulet)
HPRegen 0.18/turn               (no ring)
MPRegen 0.10/turn               (no ring)

@: no status effects
A: horns 2, retaliatory headbutt
a: Renounce Religion, Minor Destruction, Lesser Servant of Makhleb


You were on level 4 of the Dungeon.
You worshipped Makhleb.
Makhleb was most pleased with you.
You visited 1 branch of the dungeon, and saw 4 of its levels.

You collected 165 gold pieces.

Inventory:

Hand Weapons
 a - a +0 falchion (weapon)
Armour
 b - a +0 robe (worn)
Jewellery
 d - a ring of ice
Scrolls
 c - a scroll of amnesia {unknown}
 e - 2 scrolls of identify {unknown}
 f - a scroll of noise {unknown}
 g - a scroll of vulnerability {unknown}
 i - a scroll of blinking {unknown}
 k - a scroll of enchant weapon {unknown}
Potions
 h - a potion of flight {unknown}
 j - a potion of resistance {unknown}
 l - a potion of berserk rage {unknown}


   Skills:
 + Level 5.2 Fighting
 + Level 5.2 Long Blades
 + Level 2.3 Armour
 - Level 4.0 Dodging
 - Level 2.4 Stealth
 + Level 2.0 Invocations


You had 5 spell levels left.
You didn't know any spells.
Your spell library contained the following spells:

 Spells                   Type           Power      Damage    Failure   Level
 Corpse Rot               Necr/Air       0%         N/A       56%         2
 Ensorcelled Hibernation  Hex/Ice        0%         N/A       56%         2
 Passwall                 Tmut/Erth      0%         N/A       56%         2
 Swiftness                Air            0%         N/A       80%         3
 Dispel Undead            Necr           0%         3d6       99%         4
 Summon Forest            Summ/Tloc      0%         N/A       100%        5
 Death Channel            Necr           0%         N/A       100%        6
 Eringya's Noxious Bog    Tmut/Pois      0%         N/A       100%        6
 Summon Hydra             Summ           0%         N/A       100%        7


Dungeon Overview and Level Annotations

Branches:
Dungeon (4/15)
 Temple: D:4-7

Altars:
Makhleb


Innate Abilities, Weirdness & Mutations

You have a pair of horns on your head.
You reflexively headbutt those who attack you in melee.


Message History

Your Invocations skill increases to level 2!
You barely miss the white imp.
The white imp is lightly wounded.
The white imp misses you.
You barely miss the white imp. You headbutt the white imp!
You kill the white imp!
Makhleb accepts your kill.
You feel better.
You hit the ogre but do no damage. You headbutt the ogre!
The ogre is moderately wounded.
The ogre hits you with a +0 giant club!!
Ouch! That really hurt!
You are too injured to fight recklessly!
You are too injured to fight recklessly!
You are too injured to fight recklessly!
You are too injured to fight recklessly!
You are too injured to fight recklessly!
You are too injured to fight recklessly!
You are too injured to fight recklessly!
You are too injured to fight recklessly!
You are too injured to fight recklessly!
You are too injured to fight recklessly!
You are too injured to fight recklessly!
You are too injured to fight recklessly!
You are too injured to fight recklessly!
You are too injured to fight recklessly!
You hit the ogre.
The ogre is heavily wounded.
The ogre barely misses you. You furiously retaliate!
You headbutt the ogre. You barely miss the ogre.
The ogre is severely wounded.
You hit the ogre.
The ogre is almost dead.
The ogre hits you with a +0 giant club!
* * * LOW HITPOINT WARNING * * *
You barely miss the ogre.
The ogre is almost dead.
The ogre hits you with a +0 giant club!!
Ouch! That really hurt!
You die...

##.#.. ....# #...#
#...# #...# ####
#...# ..# #...## #.#
#....######8..
#<#####...@O.......#
##........##.......#
#......#########8..
#......##.# .
.......>...).####
#########.......#
#.......# #.......#
#....)..#


You could see an ogre.

Vanquished Creatures
  2 bullfrog skeletons (D:3)
  An orc priest (D:3)
  4 adders
  A white imp (D:4)
  An adder skeleton (D:3)
  2 worms
  9 orcs (D:3)
  8 bats
  6 endoplasms
  3 giant cockroaches (D:1)
  4 hobgoblins
  A jackal (D:2)
  7 kobolds
  2 quokkas
  9 ball pythons
  3 frilled lizards (D:1)
  11 goblins
  6 rats
80 creatures vanquished.

Vanquished Creatures (collateral kills)
  An ogre (D:3)
1 creature vanquished.

Grand Total: 81 creatures vanquished

Notes
Turn   | Place    | Note
-------+----------+-------------------------------------------
     0 | D:1      | Anon1729 the Minotaur Monk began the quest for the Orb.
     0 | D:1      | Reached XP level 1. HP: 19/19 MP: 0/0
   283 | D:1      | Reached XP level 2. HP: 27/27 MP: 1/1
   683 | D:1      | Found a faded altar of an unknown god.
   915 | D:1      | Prayed at the altar of an unknown god.
   915 | D:1      | Became a worshipper of Makhleb the Destroyer
   915 | D:1      | Reached * piety under Makhleb
   915 | D:1      | Reached ** piety under Makhleb
  1009 | D:1      | Reached XP level 3. HP: 33/33 MP: 2/2
  1634 | D:2      | Reached *** piety under Makhleb
  1896 | D:3      | Reached XP level 4. HP: 27/40 MP: 3/3
  2471 | D:3      | Reached skill level 1 in Armour
  2485 | D:3      | Noticed an ogre
  2499 | D:3      | Reached XP level 5. HP: 46/47 MP: 4/4
  2568 | D:3      | Reached skill level 1 in Invocations
  2610 | D:3      | Killed an ogre
  2611 | D:3      | Reached skill level 5 in Fighting
  2611 | D:3      | Reached skill level 5 in Long Blades
  3149 | D:3      | Reached XP level 6. HP: 55/56 MP: 6/6
  3681 | D:4      | Annihilated by an ogre

Illustrated notes

Levels and vault maps discovered:
D:1:      amcnicky_arrival_blooded_trapdoor, layout_basic,
          ebering_ecumenical_altar_petrified, minmay_misc_feat_plants,
          minmay_misc_feat_doors, minmay_misc_feat_ornament
D:2:      layout_loops_ring, hangedman_feature_mirror
D:3:      layout_basic, minmay_joined_circles
D:4:      minmay_chambers_of_twos, layout_basic, minmay_temple_entry_oklob,
          minmay_hollow_rounded_squares

Skill      XL: |  1  2  3  4  5  6 |
---------------+-------------------+-----
Fighting       | 4 5 |  5.2
Long Blades    | 4 5 |  5.2
Stealth        | 2 |  2.4
Dodging        | 4 |  4.0
Armour         | 1 2 |  2.3
Invocations    | 1 2 |  2.0

Action                   |  1- 3 |  4- 6 || total
-------------------------+-------+-------++-------
Melee: Falchion          |    89 |    85 ||   174
       Headbutt          |    11 |    16 ||    27
       Punch             |       |     2 ||     2
Invok: Lesser Servant of |       |     1 ||     1
 Stab: Sleeping          |     3 |     4 ||     7
Armor: Robe              |    14 |     9 ||    23
Dodge: Dodged            |    58 |    55 ||   113

Table legend: (Time is in decaauts)
 A = Elapsed time spent in this place.
 B = Non-inter-level travel time spent in this place.
 C = Inter-level travel time spent in this place.
 D = Time resting spent in this place.
 E = Time spent auto-exploring this place.
 F = Levels seen in this place.
 G = Mean time per level.
                   A        B        C        D        E       F      G
               +--------+--------+--------+--------+--------+-----+--------+
         Total |   3695 |   3488 |    207 |      9 |   2928 |   4 |  923.8 |
       Dungeon |   3695 |   3488 |    207 |      9 |   2928 |   4 |  923.8 |
               +--------+--------+--------+--------+--------+-----+--------+

Top non-repeatable levels by time:
     D:3: 1744 daAuts
     D:1: 1115 daAuts
     D:2: 767 daAuts
     D:4: 67 daAuts
